[Event "Titled Tuesday Blitz September 27 Early 2022"]
[White "Rottenwohrer Suarez, Juan"]
[Black "Cnejev, Vladimir-Alexandru"]
[WhiteFideId "32068182"]
[BlackFideId "1260898"]
[WhiteElo "2132"]
[BlackElo "1983"]
[Result "0-1"]
[Round "07"]
[TimeControl "180+1"]
[Date "2022.09.27"]
[WhiteClock "0:00:01"]
[BlackClock "0:00:14"]

1. d4 d5 2. c4 e6 3. Nc3 Nf6 4. cxd5 exd5 5. Bg5 Be7 6. e3 c6 7. Bd3 Nbd7 8. Nge2 Nh5 9. Bxe7 Qxe7 10. Qc2 Nb6 11. O-O-O Bd7 12. Kb1 O-O-O 13. Nc1 g6 14. Nb3 Ng7 15. Nc5 Bf5 16. a4 Nc4 17. Ka2 Rhe8 18. b4 Bxd3 19. Nxd3 Ne6 20. Rb1 Kb8 21. Rhc1 h5 22. Nc5 b6 23. Nxe6 Qxe6 24. b5 Qd6 25. Rb3 Rc8 26. bxc6 Rxc6 27. Nb5 Qxh2 28. Qe2 Qxg2 29. Na3 Rec8 30. Rbc3 Na5 31. Nb5 a6 32. Rxc6 Nxc6 33. Nc3 Kb7 34. Rb1 Nxd4 35. exd4 Rxc3 36. Rxb6+ Kxb6 37. Qb2+ Ka7 38. Qxc3 Qxf2+ 39. Kb3 Qf4 40. Qc5+ Kb8 41. Qf8+ Kb7 42. Qb4+ Kc7 43. Qa5+ Kb8 44. Qb6+ Kc8 45. Qxa6+ Kd7 46. Qb7+ Ke6 47. a5 Qe3+ 48. Ka4 Qxd4+ 49. Kb5 Qc4+ 50. Kb6 Qb3+ 51. Ka6 Qxb7+ 52. Kxb7 d4 53. a6 d3 54. a7 d2 55. a8=Q d1=Q 56. Qe8+ Kf6 57. Qh8+ Ke7 58. Qe5+ Kf8 59. Qh8+ Ke7 60. Qe5+ Kd8 61. Qc7+ Ke8 62. Qe5+ Kd7 63. Qc7+ Ke6 64. Qc6+ Qd6 65. Qc4+ Qd5+ 66. Qxd5+ Kxd5 0-1


[Site "https://www.chess.com"]

[Event "Titled Tuesday Blitz September 27 Early 2022"]
[White "Spalir, Monika"]
[Black "Jimenez Almeida, Luis David"]
[WhiteFideId "14609118"]
[BlackFideId "22242244"]
[WhiteElo "2032"]
[BlackElo "2077"]
[Result "1-0"]
[Round "07"]
[TimeControl "180+1"]
[Date "2022.09.27"]
[WhiteClock "0:00:06"]
[BlackClock "0:00:27"]

1. d4 g6 2. Nf3 Bg7 3. c4 c5 4. d5 d6 5. Nc3 Bxc3+ 6. bxc3 f5 7. h4 Nf6 8. Bg5 Qa5 9. Rc1 Nbd7 10. e3 Nb6 11. Nd2 Bd7 12. h5 O-O-O 13. Be2 Ba4 14. Nb3 Qa6 15. Qd3 Ne4 16. Bxe7 Rde8 17. Bh4 g5 18. Bg3 Rhf8 19. Bh2 Bd7 20. f3 Qxa2 21. fxe4 Qxb3 22. Bxd6 Qa3 23. Qc2 Rf6 24. e5 Rxd6 25. exd6 Rxe3 26. O-O Qa4 27. Bd3 Qxc2 28. Bxc2 Rxc3 29. Bxf5 Rxc1 30. Bxd7+ Kxd7 31. Rxc1 Kxd6 32. g4 a5 33. Rf1 Nxc4 34. Rf7 b5 35. Rxh7 a4 36. h6 a3 37. Ra7 Ne5 38. h7 Ng6 39. Ra6+ Kxd5 40. Rxg6 1-0


[Site "https://www.chess.com"]

[Event "Titled Tuesday Blitz September 27 Early 2022"]
[White "Runets, Ivan"]
[Black "Seo, Jung Min"]
[WhiteFideId "13511564"]
[BlackFideId "1734687"]
[WhiteElo "1962"]
[BlackElo "2455"]
[Result "0-1"]
[Round "07"]
[TimeControl "180+1"]
[Date "2022.09.27"]
[WhiteClock "0:00:10"]
[BlackClock "0:01:03"]

1. d4 Nf6 2. c4 e6 3. Nc3 Bb4 4. e3 O-O 5. Bd3 c5 6. Ne2 d5 7. cxd5 cxd4 8. exd4 Nxd5 9. O-O Nc6 10. a3 Ba5 11. Nxd5 exd5 12. Bc2 Bb6 13. Qd3 g6 14. Bh6 Re8 15. Be3 Bf5 16. Qd2 Bxc2 17. Qxc2 Qd7 18. Qd3 Na5 19. b3 Nc6 20. Rfc1 Ne7 21. Bf4 Qf5 22. Qd2 Nc6 23. b4 Rxe2 24. Qxe2 Qxf4 25. Qb5 Qxd4 26. Rd1 Qxf2+ 27. Kh1 d4 28. Rf1 Qh4 29. Qd5 Rf8 30. b5 Bc7 31. g3 Bxg3 32. Qg2 Bd6 33. bxc6 bxc6 34. Ra2 c5 35. Qd5 Qe7 36. Raf2 Bc7 37. Rc1 Qe3 38. Rcf1 Qe5 39. Qc4 Qe4+ 40. Kg1 Qg4+ 41. Kh1 Qh5 42. Rc2 Bd6 43. Rcf2 a5 44. Qa6 Qd5+ 45. Kg1 c4 46. Rf6 Bc5 47. Qc6 d3+ 48. R1f2 Qxc6 49. Rxc6 d2 50. Rxc5 d1=Q+ 51. Kg2 Qg4+ 0-1


[Site "https://www.chess.com"]

[Event "Titled Tuesday Blitz September 27 Early 2022"]
[White "Sadilek, Peter"]
[Black "Sailer, Mike"]
[WhiteFideId "1616439"]
[BlackFideId "2012901"]
[WhiteElo "2145"]
[BlackElo "2109"]
[Result "1-0"]
[Round "07"]
[TimeControl "180+1"]
[Date "2022.09.27"]
[WhiteClock "0:00:56"]
[BlackClock "0:00:09"]

1. Nf3 d5 2. d4 Bf5 3. g3 e6 4. Bg2 Nf6 5. c4 Be7 6. Nc3 O-O 7. O-O Nbd7 8. cxd5 exd5 9. Bf4 c6 10. Nh4 Bg4 11. h3 Bh5 12. g4 Ne8 13. Nf5 Bg6 14. Nxe7+ Qxe7 15. Re1 f5 16. g5 Nd6 17. f3 Rae8 18. h4 Nc4 19. Qc1 Ne3 20. Bxe3 Qxe3+ 21. Qxe3 Rxe3 22. Kf2 f4 23. Nd1 Re7 24. e3 fxe3+ 25. Rxe3 Rxe3 26. Nxe3 Rf4 27. Bh3 Nb6 28. Rd1 Rxh4 29. Kg3 Rh5 30. f4 Be4 31. Ng2 h6 32. Bg4 Bxg2 33. Bxh5 Be4 34. b3 hxg5 35. fxg5 Nd7 36. Kf4 g6 37. Bg4 Nf8 38. Bc8 b6 39. Rc1 Kf7 40. Rxc6 1-0


[Site "https://www.chess.com"]

[Event "Titled Tuesday Blitz September 27 Early 2022"]
[White "Samarth, J Rao"]
[Black "Mihailidis, Anastasios"]
[WhiteFideId "46652370"]
[BlackFideId "4205588"]
[WhiteElo "1514"]
[BlackElo "2312"]
[Result "1-0"]
[Round "07"]
[TimeControl "180+1"]
[Date "2022.09.27"]
[WhiteClock "0:02:09"]
[BlackClock "0:00:08"]

1. c4 e6 2. d4 d5 3. Nc3 Nf6 4. cxd5 exd5 5. Bg5 Be7 6. e3 c6 7. Qc2 h6 8. Bh4 O-O 9. Bd3 Re8 10. Nge2 Nh5 11. Bg3 Bh4 12. O-O-O b5 13. Kb1 a5 14. Nf4 Nxf4 15. Bxf4 Na6 16. a3 b4 17. Na4 bxa3 18. bxa3 Qe7 19. Ka2 Bd7 20. Rb1 c5 21. Nxc5 Nb4+ 22. axb4 axb4+ 23. Kb2 Rec8 24. Ra1 Rxa1 25. Rxa1 Bf6 26. Kb3 g6 27. Ra7 Rd8 28. Bxg6 fxg6 29. Qxg6+ Bg7 30. Bxh6 Kh8 31. Qxg7+ Qxg7 32. Bxg7+ Kxg7 33. Rxd7+ 1-0


[Site "https://www.chess.com"]

[Event "Titled Tuesday Blitz September 27 Early 2022"]
[White "Samunenkov, Ihor"]
[Black "Levitan, Caleb Levi"]
[WhiteFideId "14187086"]
[BlackFideId "14332620"]
[WhiteElo "2441"]
[BlackElo "1811"]
[Result "1-0"]
[Round "07"]
[TimeControl "180+1"]
[Date "2022.09.27"]
[WhiteClock "0:01:05"]
[BlackClock "0:00:13"]

1. e4 c5 2. Nf3 e6 3. d4 cxd4 4. Nxd4 a6 5. Nc3 b5 6. Bd3 Bb7 7. O-O Nc6 8. Nxc6 Bxc6 9. Re1 Ne7 10. e5 Ng6 11. Qg4 Be7 12. Ne4 Bxe4 13. Bxe4 Nxe5 14. Qg3 d5 15. Qxe5 Bf6 16. Qf4 dxe4 17. Qxe4 O-O 18. c3 Qe7 19. a4 Rac8 20. axb5 axb5 21. Be3 Rc4 22. Qf3 Rc7 23. Bb6 Rd7 24. Qc6 Qd6 25. Qxd6 Rxd6 26. Bc5 Rc6 27. Bxf8 Kxf8 28. Ra8+ Ke7 29. Ra7+ Ke8 30. Rd1 b4 31. cxb4 Bxb2 32. Rb7 Rc8 33. b5 Be5 34. g3 h5 35. h4 Rb8 36. Rxb8+ Bxb8 37. b6 Ke7 38. b7 Ke8 39. Rc1 Kd7 40. Rc8 Bd6 41. b8=Q Bxb8 42. Rxb8 Ke7 43. Kg2 Kf6 44. Kf3 g6 45. Rb7 Kg7 46. Kf4 Kf6 47. f3 Kg7 48. Ke5 Kg8 49. Kf6 Kh7 50. Rxf7+ Kh6 51. Kxe6 g5 52. Rf6+ Kh7 53. hxg5 h4 54. gxh4 Kg7 55. h5 Kh7 56. h6 Kg8 57. g6 Kh8 58. Rf8# 1-0


[Site "https://www.chess.com"]

[Event "Titled Tuesday Blitz September 27 Early 2022"]
[White "Sanchez Alvares, Kelvin Antonio"]
[Black "Diaz Perez, Michel Alejandro"]
[WhiteFideId "3906680"]
[BlackFideId "3517179"]
[WhiteElo "2189"]
[BlackElo "2313"]
[Result "0-1"]
[Round "07"]
[TimeControl "180+1"]
[Date "2022.09.27"]
[WhiteClock "0:00:11"]
[BlackClock "0:00:07"]

1. e4 d5 2. exd5 Nf6 3. d4 Bg4 4. f3 Bf5 5. c4 e6 6. dxe6 Bb4+ 7. Nc3 O-O 8. Be3 Re8 9. Kf2 Rxe6 10. Nge2 Nbd7 11. Nf4 Re8 12. Bd3 Bg6 13. Nxg6 hxg6 14. Re1 c5 15. d5 Ne5 16. Bf1 Nfg4+ 17. fxg4 Qh4+ 18. Kg1 Nxg4 19. Bf4 Qf2+ 20. Kh1 Qxf4 21. g3 Qf5 22. Qd2 Bxc3 23. bxc3 Nf2+ 24. Kg1 Ne4 25. Qc2 Qg4 26. Be2 Qg5 27. Bf3 Nd6 28. Qf2 b6 29. Be2 Re3 30. Bf1 Rae8 31. a4 a5 32. Rxe3 Qxe3 33. Qxe3 Rxe3 34. Rb1 Rxc3 35. Rxb6 Nxc4 36. Rc6 Ne5 37. Rc8+ Kh7 38. Bb5 Rc2 39. d6 Rd2 40. Rxc5 Nf3+ 41. Kf1 Nxh2+ 42. Kg1 Nf3+ 43. Kf1 Rxd6 44. Be2 Nd2+ 45. Ke1 Ne4 46. Rxa5 Nxg3 47. Bc4 f5 48. Rd5 Rc6 49. Bb5 Rc2 50. Rd2 Rc1+ 51. Rd1 Rc3 52. Ra1 Rc5 53. Bd3 Ra5 54. Bb5 Ne4 55. Ra3 g5 56. Bd7 g6 57. Rd3 Kh6 58. Bb5 g4 59. Ke2 Kg5 60. Rd8 Kf4 61. Rd4 Ke5 62. Rd8 Nc3+ 63. Kf2 Nxb5 64. axb5 Rxb5 65. Rg8 Kf4 0-1


[Site "https://www.chess.com"]

[Event "Titled Tuesday Blitz September 27 Early 2022"]
[White "Sanchez, Robert"]
[Black "Thiel, Thomas"]
[WhiteFideId "2034360"]
[BlackFideId "4615964"]
[WhiteElo "2389"]
[BlackElo "2204"]
[Result "1-0"]
[Round "07"]
[TimeControl "180+1"]
[Date "2022.09.27"]
[WhiteClock "0:02:38"]
[BlackClock "0:02:26"]

1. e4 d5 2. exd5 Nf6 3. Nc3 Nxd5 4. Nf3 g6 5. Bc4 Nb6 6. Bb3 Bg7 7. d4 O-O 8. h3 Nc6 9. O-O Nxd4 10. Nxd4 Qxd4 11. Qe2 Qe5 12. Qf3 c6 13. Bf4 Qf6 14. Ne4 Qxb2 15. Rab1 Qd4 16. Rfd1 e5 17. Rxd4 exd4 18. Bd6 1-0


[Site "https://www.chess.com"]

[Event "Titled Tuesday Blitz September 27 Early 2022"]
[White "Sargissyan, Sargis"]
[Black "Ovezdurdyyeva, Jemal"]
[WhiteFideId "13303210"]
[BlackFideId "14001888"]
[WhiteElo "2102"]
[BlackElo "1946"]
[Result "1-0"]
[Round "07"]
[TimeControl "180+1"]
[Date "2022.09.27"]
[WhiteClock "0:00:10"]
[BlackClock "0:00:05"]

1. e4 d6 2. d4 Nf6 3. Nc3 g6 4. Be3 c6 5. f3 Bg7 6. Qd2 h5 7. Bc4 b5 8. Bb3 b4 9. Nce2 a5 10. a3 a4 11. Bc4 d5 12. exd5 bxa3 13. Rxa3 cxd5 14. Bd3 O-O 15. Bh6 Qb6 16. Bxg7 Kxg7 17. c3 Nc6 18. Nf4 Na5 19. Nge2 Nc4 20. Bxc4 dxc4 21. Ra2 Bf5 22. O-O e5 23. Nh3 Bxh3 24. gxh3 e4 25. Qe3 Rae8 26. Ng3 Qb3 27. Raa1 Qxb2 28. fxe4 Nd5 29. Qg5 f6 30. Nxh5+ Kh7 31. Nxf6+ Nxf6 32. Rab1 Qxc3 33. Rb7+ Kh8 34. Qh6+ Kg8 35. Qg7# 1-0


[Site "https://www.chess.com"]

[Event "Titled Tuesday Blitz September 27 Early 2022"]
[White "Saydaliev, Saidakbar"]
[Black "Miszler, Levente"]
[WhiteFideId "14203693"]
[BlackFideId "763276"]
[WhiteElo "2741"]
[BlackElo "2540"]
[Result "0-1"]
[Round "07"]
[TimeControl "180+1"]
[Date "2022.09.27"]
[WhiteClock "0:00:12"]
[BlackClock "0:00:50"]

1. e4 e6 2. d4 d5 3. Nd2 f5 4. exf5 exf5 5. Ndf3 Nf6 6. Bd3 Bd6 7. Ne2 O-O 8. O-O Ne4 9. Bf4 Nd7 10. Bxd6 cxd6 11. Nd2 Qg5 12. Nf3 Qh6 13. c4 g5 14. cxd5 Ndf6 15. Ng3 g4 16. Ne1 Nd2 17. Qc1 Kg7 18. Qc7+ Rf7 19. Qxd6 f4 20. Nf5+ Bxf5 21. Bxf5 Nxf1 22. Kxf1 Qxh2 23. Be6 Re8 24. Nd3 Qh1+ 25. Ke2 Qxa1 26. Qxf4 h6 27. Kd2 Qxa2 28. Bxf7 Kxf7 29. Qc7+ Kg8 30. d6 Ne4+ 31. Kc2 Qa4+ 32. Kc1 Qc6+ 33. Qxc6 bxc6 34. d7 Rd8 35. Ne5 Nf6 0-1


[Site "https://www.chess.com"]

[Event "Titled Tuesday Blitz September 27 Early 2022"]
[White "Schekachikhin, Maksim"]
[Black "Heinemann, Josefine"]
[WhiteFideId "24177830"]
[BlackFideId "12900460"]
[WhiteElo "2226"]
[BlackElo "2300"]
[Result "0-1"]
[Round "07"]
[TimeControl "180+1"]
[Date "2022.09.27"]
[WhiteClock "0:02:10"]
[BlackClock "0:00:38"]

1. c4 c5 2. g3 g6 3. Bg2 Bg7 4. Nc3 Nc6 5. e3 d6 6. Nge2 e6 7. O-O Nge7 8. b3 O-O 9. Bb2 b6 10. d3 Rb8 11. Qd2 Bb7 12. f4 Nf5 13. e4 Nfd4 14. Nxd4 Nxd4 15. Ne2 Nxe2+ 16. Qxe2 Bxb2 17. Qxb2 f5 18. Rfe1 Qd7 19. Rad1 Rbe8 20. d4 fxe4 21. Bxe4 Bxe4 22. Rxe4 d5 23. dxc5 bxc5 24. cxd5 exd5 25. Rxe8 Rxe8 26. Qd2 d4 27. b4 cxb4 28. Qxb4 Rd8 29. Qc4+ Kg7 30. Rd3 Qd5 31. Qxd5 Rxd5 32. Ra3 d3 33. Rxa7+ Kh6 34. g4 d2 0-1


[Site "https://www.chess.com"]

[Event "Titled Tuesday Blitz September 27 Early 2022"]
[White "Schill, William"]
[Black "Sovetbekova, Nurai"]
[WhiteFideId "2016710"]
[BlackFideId "13801910"]
[WhiteElo "1949"]
[BlackElo "1646"]
[Result "0-1"]
[Round "07"]
[TimeControl "180+1"]
[Date "2022.09.27"]
[WhiteClock "0:00:01"]
[BlackClock "0:00:32"]

1. e4 c5 2. Nf3 d6 3. d4 cxd4 4. Nxd4 Nf6 5. Nc3 a6 6. Bg5 e6 7. f4 Be7 8. Qf3 Qc7 9. O-O-O Nbd7 10. f5 Ne5 11. Qh3 exf5 12. Nxf5 g6 13. Qh4 gxf5 14. Bxf6 Ng6 15. Nd5 Nxh4 16. Nxc7+ Kd7 17. Bxh8 Kxc7 18. exf5 Bxf5 19. Bd4 Rc8 20. Bd3 Bg4 21. Rdf1 Be6 22. g3 Ng6 23. h4 Ne5 24. Bxe5 dxe5 25. Bxh7 Rh8 26. Bf5 Bd5 27. Rhg1 Bc5 28. Rh1 Bxh1 29. Rxh1 Kd6 30. Be4 b5 31. Rf1 Ke6 32. Bf5+ Ke7 33. Be4 Rh5 34. Bd5 f5 35. Bb7 a5 36. Bc8 f4 37. gxf4 exf4 0-1


[Site "https://www.chess.com"]

[Event "Titled Tuesday Blitz September 27 Early 2022"]
[White "Sebenik, Matej"]
[Black "Pham, Khoi"]
[WhiteFideId "14602296"]
[BlackFideId "1054988"]
[WhiteElo "2461"]
[BlackElo "2448"]
[Result "1-0"]
[Round "07"]
[TimeControl "180+1"]
[Date "2022.09.27"]
[WhiteClock "0:01:46"]
[BlackClock "0:02:06"]

1. d4 f5 2. g3 Nf6 3. Bg2 g6 4. c4 Bg7 5. Nf3 O-O 6. O-O d6 7. Nc3 Qe8 8. b3 Na6 9. Ba3 c6 10. Qd3 Rb8 11. e4 fxe4 12. Nxe4 Nxe4 13. Qxe4 Bf5 14. Qe3 b5 15. Rfe1 Rb7 16. cxb5 cxb5 17. Ng5 Rc7 18. Bxd6 Rc2 19. Bxe7 Bf6 20. Bd5+ 1-0


[Site "https://www.chess.com"]

[Event "Titled Tuesday Blitz September 27 Early 2022"]
[White "Seifert, Henryk"]
[Black "Ansh M Shah"]
[WhiteFideId "1100963"]
[BlackFideId "25033379"]
[WhiteElo "2120"]
[BlackElo "1819"]
[Result "0-1"]
[Round "07"]
[TimeControl "180+1"]
[Date "2022.09.27"]
[WhiteClock "0:00:01"]
[BlackClock "0:00:07"]

1. e4 c6 2. d4 d5 3. exd5 cxd5 4. Bd3 Nc6 5. c3 Qc7 6. Nf3 Bg4 7. Nbd2 Nf6 8. h3 Bh5 9. O-O Bg6 10. Nb3 e6 11. Re1 Bd6 12. a4 O-O 13. Bxg6 hxg6 14. Be3 Rfc8 15. Nbd2 Na5 16. Qe2 Nc4 17. Nxc4 Qxc4 18. Qxc4 Rxc4 19. Nd2 Rc7 20. a5 Rac8 21. g3 Kf8 22. Kg2 Ke7 23. f4 Nd7 24. Nf3 f6 25. Nh4 Kf7 26. Nf3 Rc4 27. Ra2 R4c6 28. Rea1 Ra6 29. Bd2 Rac6 30. Ne1 R6c7 31. Nd3 Ke7 32. Kf3 Kf7 33. h4 Ke7 34. b4 Kf7 35. Be1 Rc4 36. Ke3 R4c7 37. b5 Rc4 38. Nb2 R4c7 39. Nd3 Rc4 40. Rb2 R4c7 41. b6 axb6 42. axb6 Rc6 43. Ra7 Rb8 44. Bd2 Rxb6 45. Rxb6 Nxb6 46. Nc5 Nc4+ 47. Kd3 Bxc5 48. dxc5 Ke7 49. Bc1 Kd7 50. g4 Kc6 0-1


[Site "https://www.chess.com"]

[Event "Titled Tuesday Blitz September 27 Early 2022"]
[White "Sethuraman, S.P."]
[Black "Srihari L R"]
[WhiteFideId "5021596"]
[BlackFideId "46617116"]
[WhiteElo "2425"]
[BlackElo "2208"]
[Result "1-0"]
[Round "07"]
[TimeControl "180+1"]
[Date "2022.09.27"]
[WhiteClock "0:00:07"]
[BlackClock "0:00:04"]

1. d4 Nf6 2. c4 e6 3. Nc3 Bb4 4. Nf3 O-O 5. Bg5 c5 6. Rc1 h6 7. Bh4 d5 8. cxd5 exd5 9. dxc5 g5 10. Bg3 Ne4 11. e3 Nc6 12. Bd3 f5 13. O-O Be6 14. Nb5 Rc8 15. Bxe4 dxe4 16. Nfd4 Nxd4 17. Nxd4 Bd5 18. Bd6 Rf6 19. Nb5 Bf7 20. Qd4 a6 21. Qxb4 axb5 22. Qxb5 Bd5 23. Rfd1 Bc6 24. Qb3+ Rf7 25. Qc3 Qe8 26. b4 Ra8 27. Rd2 Kh7 28. h3 Qe6 29. Qb2 Bb5 30. Rc3 f4 31. Ra3 Rg8 32. Kh2 f3 33. Qe5 Qg6 34. g3 Re8 35. Qd4 Bc6 36. Rb3 Qe6 37. g4 Bd7 38. Bg3 h5 39. Qd6 hxg4 40. Qxe6 Bxe6 41. Rc3 gxh3 42. b5 Ra8 43. c6 bxc6 44. bxc6 Rff8 45. c7 Rfc8 46. Rd6 Bxa2 47. Rd7+ Kg6 48. Rc6+ Kf5 49. Re7 Ra5 50. Rd6 Rd5 51. Rxd5+ Bxd5 52. Re5+ Kg4 53. Rxd5 Kh5 54. Rd8 Rxc7 55. Bxc7 Kg4 56. Bg3 Kf5 57. Rd4 Kg4 58. Rc4 Kh5 59. Rb4 1-0


[Site "https://www.chess.com"]

[Event "Titled Tuesday Blitz September 27 Early 2022"]
[White "Shandrygin, Nikita"]
[Black "Papasimakopoulos, Alexandros"]
[WhiteFideId "24198668"]
[BlackFideId "4244125"]
[WhiteElo "2559"]
[BlackElo "2745"]
[Result "1-0"]
[Round "07"]
[TimeControl "180+1"]
[Date "2022.09.27"]
[WhiteClock "0:00:08"]
[BlackClock "0:00:08"]

1. e4 e6 2. d4 d5 3. Nd2 Nf6 4. e5 Nfd7 5. f4 c5 6. c3 Nc6 7. Ndf3 cxd4 8. cxd4 a5 9. h4 h5 10. Bd3 a4 11. a3 Nb6 12. Ne2 Na5 13. O-O Nb3 14. Rb1 Bd7 15. f5 exf5 16. Ng5 g6 17. Be3 Bg7 18. Nf4 O-O 19. Nxh5 Nc4 20. Bf2 Bh8 21. Nf4 Bc6 22. e6 Bf6 23. exf7+ Rxf7 24. Nxf7 Kxf7 25. Nxg6 Kxg6 26. Qg4+ Kf7 27. Bxf5 Kf8 28. Bg3 Ne3 29. Qg6 Ra6 30. Be6 Be8 31. Rxf6+ Ke7 32. Qg7+ Bf7 33. Qxf7# 1-0


[Site "https://www.chess.com"]

[Event "Titled Tuesday Blitz September 27 Early 2022"]
[White "Shapiro, Daniel"]
[Black "Pourkashiyan, Atousa"]
[WhiteFideId "2001780"]
[BlackFideId "12502014"]
[WhiteElo "2213"]
[BlackElo "2247"]
[Result "0-1"]
[Round "07"]
[TimeControl "180+1"]
[Date "2022.09.27"]
[WhiteClock "0:00:30"]
[BlackClock "0:00:06"]

1. d4 Nf6 2. c4 e6 3. g3 d5 4. Nf3 Be7 5. Bg2 O-O 6. O-O c5 7. cxd5 exd5 8. Nc3 Nc6 9. Be3 Bg4 10. h3 Bxf3 11. Bxf3 cxd4 12. Bxd4 Nxd4 13. Qxd4 b6 14. Nxd5 Nxd5 15. Bxd5 Rc8 16. Rfd1 Bc5 17. Bxf7+ Kxf7 18. Qf4+ Qf6 19. Qxf6+ Kxf6 20. Rd7 Rf7 21. Rad1 Rxd7 22. Rxd7 a5 23. Kg2 Re8 24. e3 Re7 25. Rd2 Kf7 26. Rd5 Ke6 27. e4 Rd7 28. Rxd7 Kxd7 29. f4 Bd4 30. Kf3 Bxb2 31. e5 Ke6 32. Ke4 g6 33. g4 b5 34. f5+ gxf5+ 35. gxf5+ Ke7 36. Kd5 b4 37. Kc4 Bxe5 38. Kb5 Bc7 39. Kc6 Bd8 40. Kd5 Kf6 0-1


[Site "https://www.chess.com"]

[Event "Titled Tuesday Blitz September 27 Early 2022"]
[White "Sharifov, Mekhriddin"]
[Black "Molina, Roberto Junio Brito"]
[WhiteFideId "14701545"]
[BlackFideId "2109450"]
[WhiteElo "1540"]
[BlackElo "2403"]
[Result "1-0"]
[Round "07"]
[TimeControl "180+1"]
[Date "2022.09.27"]
[WhiteClock "0:00:03"]
[BlackClock "0:00:02"]

1. a3 d5 2. Nf3 Bg4 3. Ne5 Bf5 4. d4 Nd7 5. Bf4 c6 6. e3 Nxe5 7. Bxe5 f6 8. Bg3 e6 9. Bd3 Bd6 10. Bxf5 exf5 11. Nd2 Ne7 12. c4 O-O 13. Qb3 Rb8 14. cxd5 Nxd5 15. O-O Rf7 16. Rad1 g6 17. Bxd6 Qxd6 18. Nf3 Re7 19. Qc4 Kg7 20. b4 a6 21. Qc5 Rd8 22. Qxd6 Rxd6 23. Nd2 Nc3 24. Nc4 Rde6 25. Rd3 Nd5 26. g3 g5 27. Nd2 h6 28. Kg2 Kg6 29. Rc1 Re8 30. Nb3 R6e7 31. Nc5 h5 32. h4 gxh4 33. gxh4 Rg8 34. Kf3 Kf7 35. Rdd1 Rg4 36. Rh1 Nb6 37. Rcg1 Nc4 38. a4 Nd2+ 39. Ke2 Ne4 40. Rxg4 fxg4 41. Nxe4 Rxe4 42. Kd3 Re7 43. Rc1 f5 44. b5 axb5 45. axb5 Re6 46. Rc5 Kf6 47. b6 Re7 48. Ra5 Rd7 49. Ra8 c5 50. Rh8 cxd4 51. exd4 Kg6 52. Kc4 f4 53. d5 Kf5 54. Rxh5+ Ke4 55. Rg5 Kf3 56. h5 Rh7 57. Kc5 g3 58. fxg3 fxg3 59. d6 g2 60. Kd4 Kf2 61. Rxg2+ Kxg2 62. Ke5 Rxh5+ 63. Ke6 Rh6+ 64. Ke7 Rh7+ 65. Kd8 Kf3 66. d7 Ke4 67. Kc8 Kd5 68. d8=Q+ Ke6 69. Qc7 1-0


[Site "https://www.chess.com"]

[Event "Titled Tuesday Blitz September 27 Early 2022"]
[White "Shuvalov, Evgenij"]
[Black "Rama, Tejas"]
[WhiteFideId "4187237"]
[BlackFideId "30907381"]
[WhiteElo "2033"]
[BlackElo "1513"]
[Result "1-0"]
[Round "07"]
[TimeControl "180+1"]
[Date "2022.09.27"]
[WhiteClock "0:00:53"]
[BlackClock "0:00:01"]

1. d4 Nf6 2. c4 e6 3. Nf3 d5 4. Nc3 c5 5. cxd5 Nxd5 6. e4 Nxc3 7. bxc3 cxd4 8. cxd4 Bb4+ 9. Bd2 Bxd2+ 10. Qxd2 O-O 11. Bc4 Nd7 12. O-O b6 13. Rfe1 Bb7 14. Rad1 Rc8 15. Bb3 h6 16. h3 Nf6 17. d5 exd5 18. exd5 Re8 19. Ne5 Qd6 20. Qf4 Re7 21. Re3 Nxd5 22. Bxd5 Bxd5 23. Qd4 Rd8 24. f4 f6 25. Nc4 Qc7 26. Rxe7 Qxe7 27. Ne3 Qe6 28. Nxd5 Kf7 29. Qc4 Rd7 30. f5 Qe5 31. Nf4+ Ke7 32. Ng6+ 1-0


[Site "https://www.chess.com"]

[Event "Titled Tuesday Blitz September 27 Early 2022"]
[White "Skliarov, Viktor"]
[Black "Becerra, Juan David"]
[WhiteFideId "14106736"]
[BlackFideId "4404998"]
[WhiteElo "2213"]
[BlackElo "2278"]
[Result "1-0"]
[Round "07"]
[TimeControl "180+1"]
[Date "2022.09.27"]
[WhiteClock "0:00:05"]
[BlackClock "0:00:02"]

1. e4 e5 2. Nc3 Nf6 3. Bc4 Bc5 4. d3 c6 5. Nf3 d6 6. h3 h6 7. a4 a5 8. d4 exd4 9. Nxd4 O-O 10. O-O Re8 11. Re1 d5 12. Nb3 Bxf2+ 13. Kxf2 dxc4 14. Qxd8 Rxd8 15. Nd2 Be6 16. e5 Nd5 17. Nde4 Nb4 18. Re2 Nd7 19. Bf4 Nb6 20. Nd6 Rd7 21. Nce4 Na6 22. g4 Bd5 23. Ng3 Nc5 24. Be3 Nbxa4 25. Bd4 b6 26. h4 b5 27. g5 Ne6 28. Be3 hxg5 29. hxg5 g6 30. Rb1 Kg7 31. Nge4 Rdd8 32. Kg3 Rab8 33. Rf2 Nc7 34. Nc5 Nxc5 35. Bxc5 Be6 36. Rbf1 Rf8 37. Ne4 Nd5 38. Bd6 Rbd8 39. Nf6 Rxd6 40. exd6 Rd8 41. Nxd5 Bxd5 42. Ra1 a4 43. Rf6 Be6 44. Rd1 Rd7 45. Kf4 b4 46. Ke5 c3 47. bxc3 b3 48. cxb3 Bxb3 49. Ra1 Rd8 50. Kd4 Rc8 51. Kc5 Kf8 52. c4 Rb8 53. Re1 Rc8 54. d7 Rd8 55. Kd6 a3 56. Ra1 a2 57. Rf4 Rb8 58. Kc7 Ra8 59. d8=Q+ Rxd8 60. Kxd8 1-0


[Site "https://www.chess.com"]

[Event "Titled Tuesday Blitz September 27 Early 2022"]
[White "So, Wesley"]
[Black "Moksh Amit Doshi"]
[WhiteFideId "5202213"]
[BlackFideId "25064967"]
[WhiteElo "2763"]
[BlackElo "2245"]
[Result "1-0"]
[Round "07"]
[TimeControl "180+1"]
[Date "2022.09.27"]
[WhiteClock "0:02:04"]
[BlackClock "0:01:03"]

1. e4 e5 2. Nf3 Nc6 3. d4 exd4 4. Nxd4 Nf6 5. Nc3 Bb4 6. Nxc6 bxc6 7. Bd3 d5 8. O-O O-O 9. exd5 Bg4 10. f3 Bh5 11. Bg5 cxd5 12. Bxf6 Qxf6 13. Nxd5 Qxb2 14. Kh1 Bd6 15. Rb1 Qe5 16. f4 Bxd1 17. fxe5 1-0


[Site "https://www.chess.com"]

[Event "Titled Tuesday Blitz September 27 Early 2022"]
[White "Stremavicius, Titas"]
[Black "Vlassov, Nikolai"]
[WhiteFideId "12804444"]
[BlackFideId "4103360"]
[WhiteElo "2842"]
[BlackElo "2664"]
[Result "1-0"]
[Round "07"]
[TimeControl "180+1"]
[Date "2022.09.27"]
[WhiteClock "0:00:47"]
[BlackClock "0:00:24"]

1. c4 e5 2. Nc3 Nf6 3. Nf3 Nc6 4. e3 Bb4 5. Qc2 O-O 6. Nd5 Bd6 7. a3 Nxd5 8. cxd5 Ne7 9. Bc4 c6 10. dxc6 dxc6 11. h3 Bf5 12. d3 Rc8 13. O-O b5 14. Ba2 c5 15. b3 Ng6 16. Bb2 Qe7 17. Rfd1 Rfe8 18. Qe2 a6 19. Bb1 Qe6 20. Bc2 h6 21. g4 Bxg4 22. hxg4 Qxg4+ 23. Kf1 Qh3+ 24. Ke1 Re6 25. Kd2 Rf6 26. Ng1 Qg2 27. f4 Qc6 28. Kc1 Rf5 29. Qg4 Ne7 30. Nf3 h5 31. Qg3 exf4 32. Qxg7# 1-0


[Site "https://www.chess.com"]

[Event "Titled Tuesday Blitz September 27 Early 2022"]
[White "Sukandar, Irine Kharisma"]
[Black "Korelskiy, Egor"]
[WhiteFideId "7101937"]
[BlackFideId "34329064"]
[WhiteElo "2284"]
[BlackElo "2071"]
[Result "1-0"]
[Round "07"]
[TimeControl "180+1"]
[Date "2022.09.27"]
[WhiteClock "0:00:41"]
[BlackClock "0:01:05"]

1. d4 d5 2. c4 e6 3. Nc3 c6 4. e3 Bd6 5. Nf3 f5 6. Ne5 Nf6 7. Be2 O-O 8. O-O Nbd7 9. f4 Qe7 10. a3 Ne4 11. Nxe4 fxe4 12. b4 Nf6 13. Qb3 Bd7 14. Bb2 a6 15. a4 dxc4 16. Bxc4 b5 17. Nxd7 bxc4 18. Nxf6+ gxf6 19. Qxc4 Bxb4 20. Qxc6 Rfc8 21. Qxe4 f5 22. Qf3 Rc2 23. Qxa8+ Kf7 24. Rab1 Bd2 25. d5 Bxe3+ 26. Kh1 Qh4 27. dxe6+ Kxe6 28. Qe8+ Kd6 29. Qxe3 1-0


[Site "https://www.chess.com"]